Workbook

Sheet BED & McN 50% combined
A1: PREPARED 09/11/2024, | C1: 16:22:33 | G1: DETAIL | H1: TRIAL BALANCE | I1: PAGE | J1: 1 | N1: McN only
A2: PROGRAM: GM270L
A3: BURLINGTON ELECTRIC | C3: DEPARTMENT | G3: AS OF | H3: 45473 | I3: ACCOUNTING | J3: PERIOD | K3: 13/2024
A4: ------------------------------------------------------------------------------------------------------------------------------------
A5: FUND 101 BED-Operating | D5: BED | E5: McN | F5: Combined | G5: BED | H5: McN | I5: Combined
D6: DEBIT | E6: DEBIT | F6: DEBIT | G6: CREDIT | H6: CREDIT | I6: CREDIT
A7: ACCOUNT | B7: DESCRIPTION | D7: BALANCE | E7: BALANCE | F7: BALANCE | G7: BALANCE | H7: BALANCE | I7: BALANCE
A8: 0000-107.01-00 | B8: Utility Plant / Constr. Work in Progress | D8: 5845966.2 | E8: =_xlfn.IFNA(VLOOKUP(A8,'McNeil 50% only'!$A$8:$D$233,3,FALSE),0) -> 66496.75 | F8: =+D8+E8 -> 5912462.9 | H8: =_xlfn.IFNA(VLOOKUP(A8,'McNeil 50% only'!$A$8:$D$233,4,FALSE),0) -> 0 | I8: =+G8+H8 -> 0
A9: 0000-108.11-00 | B9: Accumulated Depreciation / Steam Prod-Struct/Imprvmt | E9: =_xlfn.IFNA(VLOOKUP(A9,'McNeil 50% only'!$A$8:$D$233,3,FALSE),0) -> 0 | F9: =+D9+E9 -> 0 | H9: =_xlfn.IFNA(VLOOKUP(A9,'McNeil 50% only'!$A$8:$D$233,4,FALSE),0) -> 8765412.9 | I9: =+G9+H9 -> 8765412.9
A10: 0000-108.12-00 | B10: Accumulated Depreciation / Steam Prod-Blr Plt Equip | E10: =_xlfn.IFNA(VLOOKUP(A10,'McNeil 50% only'!$A$8:$D$233,3,FALSE),0) -> 0 | F10: =+D10+E10 -> 0 | H10: =_xlfn.IFNA(VLOOKUP(A10,'McNeil 50% only'!$A$8:$D$233,4,FALSE),0) -> 27041715 | I10: =+G10+H10 -> 27041715
A11: 0000-108.14-00 | B11: Accumulated Depreciation / Steam Prod-Turbogen Units | E11: =_xlfn.IFNA(VLOOKUP(A11,'McNeil 50% only'!$A$8:$D$233,3,FALSE),0) -> 0 | F11: =+D11+E11 -> 0 | H11: =_xlfn.IFNA(VLOOKUP(A11,'McNeil 50% only'!$A$8:$D$233,4,FALSE),0) -> 6409583.9 | I11: =+G11+H11 -> 6409583.9
A12: 0000-108.15-00 | B12: Accumulated Depreciation / Steam Prod-Access Elec Eq | E12: =_xlfn.IFNA(VLOOKUP(A12,'McNeil 50% only'!$A$8:$D$233,3,FALSE),0) -> 0 | F12: =+D12+E12 -> 0 | H12: =_xlfn.IFNA(VLOOKUP(A12,'McNeil 50% only'!$A$8:$D$233,4,FALSE),0) -> 1141894.2 | I12: =+G12+H12 -> 1141894.2
A13: 0000-108.16-00 | B13: Accumulated Depreciation / Steam Prod-Misc Plant Eq | E13: =_xlfn.IFNA(VLOOKUP(A13,'McNeil 50% only'!$A$8:$D$233,3,FALSE),0) -> 0 | F13: =+D13+E13 -> 0 | H13: =_xlfn.IFNA(VLOOKUP(A13,'McNeil 50% only'!$A$8:$D$233,4,FALSE),0) -> 785373.98 | I13: =+G13+H13 -> 785373.98
A14: 0000-108.31-00 | B14: Accumulated Depreciation / Hydro-Struct/Imprvm | E14: =_xlfn.IFNA(VLOOKUP(A14,'McNeil 50% only'!$A$8:$D$233,3,FALSE),0) -> 0 | F14: =+D14+E14 -> 0 | G14: 1020938.9 | H14: =_xlfn.IFNA(VLOOKUP(A14,'McNeil 50% only'!$A$8:$D$233,4,FALSE),0) -> 0 | I14: =+G14+H14 -> 1020938.9
A15: 0000-108.32-00 | B15: Accumulated Depreciation / Hydro-Reservoirs/Dams/Wat | E15: =_xlfn.IFNA(VLOOKUP(A15,'McNeil 50% only'!$A$8:$D$233,3,FALSE),0) -> 0 | F15: =+D15+E15 -> 0 | G15: 663095.1 | H15: =_xlfn.IFNA(VLOOKUP(A15,'McNeil 50% only'!$A$8:$D$233,4,FALSE),0) -> 0 | I15: =+G15+H15 -> 663095.1
A16: 0000-108.33-00 | B16: Accumulated Depreciation / Hydro-Water Wheels/Turb/G | E16: =_xlfn.IFNA(VLOOKUP(A16,'McNeil 50% only'!$A$8:$D$233,3,FALSE),0) -> 0 | F16: =+D16+E16 -> 0 | G16: 1077931.2 | H16: =_xlfn.IFNA(VLOOKUP(A16,'McNeil 50% only'!$A$8:$D$233,4,FALSE),0) -> 0 | I16: =+G16+H16 -> 1077931.2
A17: 0000-108.34-00 | B17: Accumulated Depreciation / Hydro-Access Elect Equip | E17: =_xlfn.IFNA(VLOOKUP(A17,'McNeil 50% only'!$A$8:$D$233,3,FALSE),0) -> 0 | F17: =+D17+E17 -> 0 | G17: 418698.71 | H17: =_xlfn.IFNA(VLOOKUP(A17,'McNeil 50% only'!$A$8:$D$233,4,FALSE),0) -> 0 | I17: =+G17+H17 -> 418698.71
A18: 0000-108.35-00 | B18: Accumulated Depreciation / Hydro-Misc Plant Equip | E18: =_xlfn.IFNA(VLOOKUP(A18,'McNeil 50% only'!$A$8:$D$233,3,FALSE),0) -> 0 | F18: =+D18+E18 -> 0 | G18: 55348.93 | H18: =_xlfn.IFNA(VLOOKUP(A18,'McNeil 50% only'!$A$8:$D$233,4,FALSE),0) -> 0 | I18: =+G18+H18 -> 55348.93
A19: 0000-108.36-00 | B19: Accumulated Depreciation / Hydro-Roads/RR/Bridges | E19: =_xlfn.IFNA(VLOOKUP(A19,'McNeil 50% only'!$A$8:$D$233,3,FALSE),0) -> 0 | F19: =+D19+E19 -> 0 | G19: 17709.44 | H19: =_xlfn.IFNA(VLOOKUP(A19,'McNeil 50% only'!$A$8:$D$233,4,FALSE),0) -> 0 | I19: =+G19+H19 -> 17709.44
A20: 0000-108.41-00 | B20: Accumulated Depreciation / Other Prod-Struct/Imprvmt | E20: =_xlfn.IFNA(VLOOKUP(A20,'McNeil 50% only'!$A$8:$D$233,3,FALSE),0) -> 0 | F20: =+D20+E20 -> 0 | G20: 493786.41 | H20: =_xlfn.IFNA(VLOOKUP(A20,'McNeil 50% only'!$A$8:$D$233,4,FALSE),0) -> 0 | I20: =+G20+H20 -> 493786.41
A21: 0000-108.41-10 | B21: Other Prod-Struct/Imprvmt / Wind Turbine | E21: =_xlfn.IFNA(VLOOKUP(A21,'McNeil 50% only'!$A$8:$D$233,3,FALSE),0) -> 0 | F21: =+D21+E21 -> 0 | G21: 44124.95 | H21: =_xlfn.IFNA(VLOOKUP(A21,'McNeil 50% only'!$A$8:$D$233,4,FALSE),0) -> 0 | I21: =+G21+H21 -> 44124.95
A22: 0000-108.41-20 | B22: Other Prod-Struct/Imprvmt / Solar Facilities | E22: =_xlfn.IFNA(VLOOKUP(A22,'McNeil 50% only'!$A$8:$D$233,3,FALSE),0) -> 0 | F22: =+D22+E22 -> 0 | G22: 780846.42 | H22: =_xlfn.IFNA(VLOOKUP(A22,'McNeil 50% only'!$A$8:$D$233,4,FALSE),0) -> 0 | I22: =+G22+H22 -> 780846.42
A23: 0000-108.42-00 | B23: Other Prod-Struct/Imprvmt / Solar Facilities | E23: =_xlfn.IFNA(VLOOKUP(A23,'McNeil 50% only'!$A$8:$D$233,3,FALSE),0) -> 0 | F23: =+D23+E23 -> 0 | G23: 142461.06 | H23: =_xlfn.IFNA(VLOOKUP(A23,'McNeil 50% only'!$A$8:$D$233,4,FALSE),0) -> 0 | I23: =+G23+H23 -> 142461.06
A24: 0000-108.43-00 | B24: Accumulated Depreciation / Other Prod-Prime Movers | E24: =_xlfn.IFNA(VLOOKUP(A24,'McNeil 50% only'!$A$8:$D$233,3,FALSE),0) -> 0 | F24: =+D24+E24 -> 0 | G24: 2036713.5 | H24: =_xlfn.IFNA(VLOOKUP(A24,'McNeil 50% only'!$A$8:$D$233,4,FALSE),0) -> 0 | I24: =+G24+H24 -> 2036713.5
A25: 0000-108.43-10 | B25: Other Prod-Prime Movers / Wind Turbine | E25: =_xlfn.IFNA(VLOOKUP(A25,'McNeil 50% only'!$A$8:$D$233,3,FALSE),0) -> 0 | F25: =+D25+E25 -> 0 | G25: 75379.18 | H25: =_xlfn.IFNA(VLOOKUP(A25,'McNeil 50% only'!$A$8:$D$233,4,FALSE),0) -> 0 | I25: =+G25+H25 -> 75379.18
... A53: 0000-111.30-00 | B53: Accumulated Amortization / Intangible Plant | E53: =_xlfn.IFNA(VLOOKUP(A53,'McNeil 50% only'!$A$8:$D$233,3,FALSE),0) -> 0 | F53: =+D53+E53 -> 0 | G53: 5969160.2 | H53: =_xlfn.IFNA(VLOOKUP(A53,'McNeil 50% only'!$A$8:$D$233,4,FALSE),0) -> 382982.59 | I53: =+G53+H53 -> 6352142.8
A54: 0000-114.01-00 | B54: Electric Plant Acquire / Adjustment Acct | D54: 7414351.5 | E54: =_xlfn.IFNA(VLOOKUP(A54,'McNeil 50% only'!$A$8:$D$233,3,FALSE),0) -> 0 | F54: =+D54+E54 -> 7414351.5 | H54: =_xlfn.IFNA(VLOOKUP(A54,'McNeil 50% only'!$A$8:$D$233,4,FALSE),0) -> 0 | I54: =+G54+H54 -> 0
A55: 0000-123.02-00 | B55: Investment in Assoc Co / VELCO-Class B Comm Stock | D55: 1403800 | E55: =_xlfn.IFNA(VLOOKUP(A55,'McNeil 50% only'!$A$8:$D$233,3,FALSE),0) -> 0 | F55: =+D55+E55 -> 1403800 | H55: =_xlfn.IFNA(VLOOKUP(A55,'McNeil 50% only'!$A$8:$D$233,4,FALSE),0) -> 0 | I55: =+G55+H55 -> 0
A56: 0000-123.03-00 | B56: Investment in Assoc Co / VELCO-Class C Prefer Stck | D56: 11196 | E56: =_xlfn.IFNA(VLOOKUP(A56,'McNeil 50% only'!$A$8:$D$233,3,FALSE),0) -> 0 | F56: =+D56+E56 -> 11196 | H56: =_xlfn.IFNA(VLOOKUP(A56,'McNeil 50% only'!$A$8:$D$233,4,FALSE),0) -> 0 | I56: =+G56+H56 -> 0
A57: 0000-123.04-00 | B57: Investment in Assoc Co / VELCO-Class C Comm Stock | D57: 39200 | E57: =_xlfn.IFNA(VLOOKUP(A57,'McNeil 50% only'!$A$8:$D$233,3,FALSE),0) -> 0 | F57: =+D57+E57 -> 39200 | H57: =_xlfn.IFNA(VLOOKUP(A57,'McNeil 50% only'!$A$8:$D$233,4,FALSE),0) -> 0 | I57: =+G57+H57 -> 0
A58: 0000-123.05-00 | B58: Investment in Assoc Co / Vt Transco LLC-Cl A Units | D58: 14892751 | E58: =_xlfn.IFNA(VLOOKUP(A58,'McNeil 50% only'!$A$8:$D$233,3,FALSE),0) -> 0 | F58: =+D58+E58 -> 14892751 | H58: =_xlfn.IFNA(VLOOKUP(A58,'McNeil 50% only'!$A$8:$D$233,4,FALSE),0) -> 0 | I58: =+G58+H58 -> 0
A59: 0000-123.06-00 | B59: Investment in Assoc Co / Vt Transco LLC-Cl B Units | D59: 18954389 | E59: =_xlfn.IFNA(VLOOKUP(A59,'McNeil 50% only'!$A$8:$D$233,3,FALSE),0) -> 0 | F59: =+D59+E59 -> 18954389 | H59: =_xlfn.IFNA(VLOOKUP(A59,'McNeil 50% only'!$A$8:$D$233,4,FALSE),0) -> 0 | I59: =+G59+H59 -> 0
A60: 0000-125.32-00 | B60: Sinking Funds /2014A Prin Holding-Zions | D60: 570000 | E60: =_xlfn.IFNA(VLOOKUP(A60,'McNeil 50% only'!$A$8:$D$233,3,FALSE),0) -> 0 | F60: =+D60+E60 -> 570000 | H60: =_xlfn.IFNA(VLOOKUP(A60,'McNeil 50% only'!$A$8:$D$233,4,FALSE),0) -> 0 | I60: =+G60+H60 -> 0
A61: 0000-125.34-00 | B61: Sinking Funds /2014B Prin Holding-Zions | D61: 665000 | E61: =_xlfn.IFNA(VLOOKUP(A61,'McNeil 50% only'!$A$8:$D$233,3,FALSE),0) -> 0 | F61: =+D61+E61 -> 665000 | H61: =_xlfn.IFNA(VLOOKUP(A61,'McNeil 50% only'!$A$8:$D$233,4,FALSE),0) -> 0 | I61: =+G61+H61 -> 0
A62: 0000-125.36-00 | B62: Sinking Funds /2017A Rev Bd Prin-Zions | D62: 350000 | E62: =_xlfn.IFNA(VLOOKUP(A62,'McNeil 50% only'!$A$8:$D$233,3,FALSE),0) -> 0 | F62: =+D62+E62 -> 350000 | H62: =_xlfn.IFNA(VLOOKUP(A62,'McNeil 50% only'!$A$8:$D$233,4,FALSE),0) -> 0 | I62: =+G62+H62 -> 0
A63: 0000-125.37-00 | B63: Sinking Funds /2017B Rev Bd Prin-Zions | D63: 415000 | E63: =_xlfn.IFNA(VLOOKUP(A63,'McNeil 50% only'!$A$8:$D$233,3,FALSE),0) -> 0 | F63: =+D63+E63 -> 415000 | H63: =_xlfn.IFNA(VLOOKUP(A63,'McNeil 50% only'!$A$8:$D$233,4,FALSE),0) -> 0 | I63: =+G63+H63 -> 0
A64: 0000-128.02-00 | B64: Other Special Funds / Renewal & Replacement | D64: 867000 | E64: =_xlfn.IFNA(VLOOKUP(A64,'McNeil 50% only'!$A$8:$D$233,3,FALSE),0) -> 0 | F64: =+D64+E64 -> 867000 | H64: =_xlfn.IFNA(VLOOKUP(A64,'McNeil 50% only'!$A$8:$D$233,4,FALSE),0) -> 0 | I64: =+G64+H64 -> 0
A65: 0000-128.21-00 | B65: Other Special Funds / Debt Service Reserve-Cash | D65: 3507936.6 | E65: =_xlfn.IFNA(VLOOKUP(A65,'McNeil 50% only'!$A$8:$D$233,3,FALSE),0) -> 0 | F65: =+D65+E65 -> 3507936.6 | H65: =_xlfn.IFNA(VLOOKUP(A65,'McNeil 50% only'!$A$8:$D$233,4,FALSE),0) -> 0 | I65: =+G65+H65 -> 0
... A91: 0000-142.21-00 | B91: Customer Accts Receivable / Customer Service Fees | D91: 97125.1 | E91: =_xlfn.IFNA(VLOOKUP(A91,'McNeil 50% only'!$A$8:$D$233,3,FALSE),0) -> 0 | F91: =+D91+E91 -> 97125.1 | H91: =_xlfn.IFNA(VLOOKUP(A91,'McNeil 50% only'!$A$8:$D$233,4,FALSE),0) -> 0 | I91: =+G91+H91 -> 0
A92: 0000-142.22-00 | B92: Customer Accts Receivable / Billing Service Fees | E92: =_xlfn.IFNA(VLOOKUP(A92,'McNeil 50% only'!$A$8:$D$233,3,FALSE),0) -> 0 | F92: =+D92+E92 -> 0 | G92: 158.26 | H92: =_xlfn.IFNA(VLOOKUP(A92,'McNeil 50% only'!$A$8:$D$233,4,FALSE),0) -> 0 | I92: =+G92+H92 -> 158.26
A93: 0000-142.40-00 | B93: Customer Accts Receivable / Construction Projects | D93: 352152.59 | E93: =_xlfn.IFNA(VLOOKUP(A93,'McNeil 50% only'!$A$8:$D$233,3,FALSE),0) -> 0 | F93: =+D93+E93 -> 352152.59 | H93: =_xlfn.IFNA(VLOOKUP(A93,'McNeil 50% only'!$A$8:$D$233,4,FALSE),0) -> 0 | I93: =+G93+H93 -> 0
A94: 0000-142.41-00 | B94: Customer Accts Receivable / Allowance - Doubtful Acct | E94: =_xlfn.IFNA(VLOOKUP(A94,'McNeil 50% only'!$A$8:$D$233,3,FALSE),0) -> 0 | F94: =+D94+E94 -> 0 | G94: 136548.1 | H94: =_xlfn.IFNA(VLOOKUP(A94,'McNeil 50% only'!$A$8:$D$233,4,FALSE),0) -> 0 | I94: =+G94+H94 -> 136548.1
A95: 0000-142.75-00 | B95: Customer Accts Receivable / Warmth Program | D95: 199 | E95: =_xlfn.IFNA(VLOOKUP(A95,'McNeil 50% only'!$A$8:$D$233,3,FALSE),0) -> 0 | F95: =+D95+E95 -> 199 | H95: =_xlfn.IFNA(VLOOKUP(A95,'McNeil 50% only'!$A$8:$D$233,4,FALSE),0) -> 0 | I95: =+G95+H95 -> 0
A96: 0000-142.81-00 | B96: Customer Accts Receivable / Cust Accts Rec RLF Loans | D96: 1555.58 | E96: =_xlfn.IFNA(VLOOKUP(A96,'McNeil 50% only'!$A$8:$D$233,3,FALSE),0) -> 0 | F96: =+D96+E96 -> 1555.58 | H96: =_xlfn.IFNA(VLOOKUP(A96,'McNeil 50% only'!$A$8:$D$233,4,FALSE),0) -> 0 | I96: =+G96+H96 -> 0
A97: 0000-142.82-00 | B97: Customer Accts Receivable / Cust Accts Rec PACE ST | D97: 10997.41 | E97: =_xlfn.IFNA(VLOOKUP(A97,'McNeil 50% only'!$A$8:$D$233,3,FALSE),0) -> 0 | F97: =+D97+E97 -> 10997.41 | H97: =_xlfn.IFNA(VLOOKUP(A97,'McNeil 50% only'!$A$8:$D$233,4,FALSE),0) -> 0 | I97: =+G97+H97 -> 0
A98: 0000-142.83-00 | B98: Customer Accts Receivable / EDA RLF2 Loan | D98: 57462.29 | E98: =_xlfn.IFNA(VLOOKUP(A98,'McNeil 50% only'!$A$8:$D$233,3,FALSE),0) -> 0 | F98: =+D98+E98 -> 57462.29 | H98: =_xlfn.IFNA(VLOOKUP(A98,'McNeil 50% only'!$A$8:$D$233,4,FALSE),0) -> 0 | I98: =+G98+H98 -> 0
A99: 0000-142.89-00 | B99: Customer Accts Receivable / Sales Tax-Work Order | D99: 1765.02 | E99: =_xlfn.IFNA(VLOOKUP(A99,'McNeil 50% only'!$A$8:$D$233,3,FALSE),0) -> 0 | F99: =+D99+E99 -> 1765.02 | H99: =_xlfn.IFNA(VLOOKUP(A99,'McNeil 50% only'!$A$8:$D$233,4,FALSE),0) -> 0 | I99: =+G99+H99 -> 0
A100: 0000-142.90-00 | B100: Customer Accts Receivable / Sales Taxes | D100: 60438.47 | E100: =_xlfn.IFNA(VLOOKUP(A100,'McNeil 50% only'!$A$8:$D$233,3,FALSE),0) -> 0 | F100: =+D100+E100 -> 60438.47 | H100: =_xlfn.IFNA(VLOOKUP(A100,'McNeil 50% only'!$A$8:$D$233,4,FALSE),0) -> 0 | I100: =+G100+H100 -> 0
A101: 0000-142.91-00 | B101: Customer Accts Receivable / Tariff Adjustments | D101: 2730.95 | E101: =_xlfn.IFNA(VLOOKUP(A101,'McNeil 50% only'!$A$8:$D$233,3,FALSE),0) -> 0 | F101: =+D101+E101 -> 2730.95 | H101: =_xlfn.IFNA(VLOOKUP(A101,'McNeil 50% only'!$A$8:$D$233,4,FALSE),0) -> 0 | I101: =+G101+H101 -> 0
A102: 0000-142.92-00 | B102: Customer Accts Receivable / DSM Energy Efficiency Chg | D102: 169307.21 | E102: =_xlfn.IFNA(VLOOKUP(A102,'McNeil 50% only'!$A$8:$D$233,3,FALSE),0) -> 0 | F102: =+D102+E102 -> 169307.21 | H102: =_xlfn.IFNA(VLOOKUP(A102,'McNeil 50% only'!$A$8:$D$233,4,FALSE),0) -> 0 | I102: =+G102+H102 -> 0
A103: 0000-142.93-00 | B103: Customer Accts Receivable / Tariff Adjustment 5.5% | D103: 13978.67 | E103: =_xlfn.IFNA(VLOOKUP(A103,'McNeil 50% only'!$A$8:$D$233,3,FALSE),0) -> 0 | F103: =+D103+E103 -> 13978.67 | H103: =_xlfn.IFNA(VLOOKUP(A103,'McNeil 50% only'!$A$8:$D$233,4,FALSE),0) -> 0 | I103: =+G103+H103 -> 0
A104: 0000-142.94-00 | B104: Customer Accts Receivable / Franchise Fee-Non Payer | D104: 517.93 | E104: =_xlfn.IFNA(VLOOKUP(A104,'McNeil 50% only'!$A$8:$D$233,3,FALSE),0) -> 0 | F104: =+D104+E104 -> 517.93 | H104: =_xlfn.IFNA(VLOOKUP(A104,'McNeil 50% only'!$A$8:$D$233,4,FALSE),0) -> 0 | I104: =+G104+H104 -> 0
A105: 0000-142.95-00 | B105: Customer Accts Receivable / Franchise Fee | D105: 141233.85 | E105: =_xlfn.IFNA(VLOOKUP(A105,'McNeil 50% only'!$A$8:$D$233,3,FALSE),0) -> 0 | F105: =+D105+E105 -> 141233.85 | H105: =_xlfn.IFNA(VLOOKUP(A105,'McNeil 50% only'!$A$8:$D$233,4,FALSE),0) -> 0 | I105: =+G105+H105 -> 0
A106: 0000-142.96-00 | B106: Customer Accts Receivable / Franchise Fee-Work Orders | D106: 3731.69 | E106: =_xlfn.IFNA(VLOOKUP(A106,'McNeil 50% only'!$A$8:$D$233,3,FALSE),0) -> 0 | F106: =+D106+E106 -> 3731.69 | H106: =_xlfn.IFNA(VLOOKUP(A106,'McNeil 50% only'!$A$8:$D$233,4,FALSE),0) -> 0 | I106: =+G106+H106 -> 0
... A108: 0000-142.98-00 | B108: Customer Accts Receivable / Late Payment Fee | D108: 3378.23 | E108: =_xlfn.IFNA(VLOOKUP(A108,'McNeil 50% only'!$A$8:$D$233,3,FALSE),0) -> 0 | F108: =+D108+E108 -> 3378.23 | H108: =_xlfn.IFNA(VLOOKUP(A108,'McNeil 50% only'!$A$8:$D$233,4,FALSE),0) -> 0 | I108: =+G108+H108 -> 0
A109: 0000-142.99-00 | B109: Customer Accts Receivable / Credit Balances | E109: =_xlfn.IFNA(VLOOKUP(A109,'McNeil 50% only'!$A$8:$D$233,3,FALSE),0) -> 0 | F109: =+D109+E109 -> 0 | G109: 243441.49 | H109: =_xlfn.IFNA(VLOOKUP(A109,'McNeil 50% only'!$A$8:$D$233,4,FALSE),0) -> 0 | I109: =+G109+H109 -> 243441.49
A110: 0000-143.03-00 | B110: Other Accounts Receivable / Health & Safety Program | D110: 256.49 | E110: =_xlfn.IFNA(VLOOKUP(A110,'McNeil 50% only'!$A$8:$D$233,3,FALSE),0) -> 0 | F110: =+D110+E110 -> 256.49 | H110: =_xlfn.IFNA(VLOOKUP(A110,'McNeil 50% only'!$A$8:$D$233,4,FALSE),0) -> 0 | I110: =+G110+H110 -> 0
A111: 0000-143.05-00 | B111: Other Accounts Receivable / Miscellaneous | D111: 40791.39 | E111: =_xlfn.IFNA(VLOOKUP(A111,'McNeil 50% only'!$A$8:$D$233,3,FALSE),0) -> 1449.15 | F111: =+D111+E111 -> 42240.54 | H111: =_xlfn.IFNA(VLOOKUP(A111,'McNeil 50% only'!$A$8:$D$233,4,FALSE),0) -> 0 | I111: =+G111+H111 -> 0
A112: 0000-143.14-00 | B112: Other Accounts Receivable / EEU-Fiscal Agent | D112: 226676.51 | E112: =_xlfn.IFNA(VLOOKUP(A112,'McNeil 50% only'!$A$8:$D$233,3,FALSE),0) -> 0 | F112: =+D112+E112 -> 226676.51 | H112: =_xlfn.IFNA(VLOOKUP(A112,'McNeil 50% only'!$A$8:$D$233,4,FALSE),0) -> 0 | I112: =+G112+H112 -> 0
A113: 0000-143.16-00 | B113: Other Accounts Receivable / McN J.O./Rec Management | D113: 478.38 | E113: =_xlfn.IFNA(VLOOKUP(A113,'McNeil 50% only'!$A$8:$D$233,3,FALSE),0) -> 0 | F113: =+D113+E113 -> 478.38 | H113: =_xlfn.IFNA(VLOOKUP(A113,'McNeil 50% only'!$A$8:$D$233,4,FALSE),0) -> 0 | I113: =+G113+H113 -> 0
A114: 0000-143.20-00 | B114: Other Accounts Receivable / State of VT EV Rebate | D114: 37700 | E114: =_xlfn.IFNA(VLOOKUP(A114,'McNeil 50% only'!$A$8:$D$233,3,FALSE),0) -> 0 | F114: =+D114+E114 -> 37700 | H114: =_xlfn.IFNA(VLOOKUP(A114,'McNeil 50% only'!$A$8:$D$233,4,FALSE),0) -> 0 | I114: =+G114+H114 -> 0
A115: 0000-143.21-00 | B115: Other Accounts Receivable / Leased Lights | D115: 7520.28 | E115: =_xlfn.IFNA(VLOOKUP(A115,'McNeil 50% only'!$A$8:$D$233,3,FALSE),0) -> 0 | F115: =+D115+E115 -> 7520.28 | H115: =_xlfn.IFNA(VLOOKUP(A115,'McNeil 50% only'!$A$8:$D$233,4,FALSE),0) -> 0 | I115: =+G115+H115 -> 0
A116: 0000-143.99-00 | B116: Other Accounts Receivable / Joint Owners | D116: 4144.6 | E116: =_xlfn.IFNA(VLOOKUP(A116,'McNeil 50% only'!$A$8:$D$233,3,FALSE),0) -> 0 | F116: =+D116+E116 -> 4144.6 | H116: =_xlfn.IFNA(VLOOKUP(A116,'McNeil 50% only'!$A$8:$D$233,4,FALSE),0) -> 0 | I116: =+G116+H116 -> 0
A117: 0000-144.01-00 | B117: Reserve on Uncollect Acct / Utility Customers | E117: =_xlfn.IFNA(VLOOKUP(A117,'McNeil 50% only'!$A$8:$D$233,3,FALSE),0) -> 0 | F117: =+D117+E117 -> 0 | G117: 217262.51 | H117: =_xlfn.IFNA(VLOOKUP(A117,'McNeil 50% only'!$A$8:$D$233,4,FALSE),0) -> 0 | I117: =+G117+H117 -> 217262.51
A118: 0000-146.01-00 | B118: AcctsRec From Assoc Comp / McNeil50 | E118: =_xlfn.IFNA(VLOOKUP(A118,'McNeil 50% only'!$A$8:$D$233,3,FALSE),0) -> 0 | F118: =+D118+E118 -> 0 | H118: =_xlfn.IFNA(VLOOKUP(A118,'McNeil 50% only'!$A$8:$D$233,4,FALSE),0) -> 72794.56 | I118: =+G118+H118 -> 72794.56
A119: 0000-146.50-00 | B119: Accts Rec From Assoc Comp / McNeil | D119: 4144.6 | E119: =_xlfn.IFNA(VLOOKUP(A119,'McNeil 50% only'!$A$8:$D$233,3,FALSE),0) -> 0 | F119: =+D119+E119 -> 4144.6 | H119: =_xlfn.IFNA(VLOOKUP(A119,'McNeil 50% only'!$A$8:$D$233,4,FALSE),0) -> 0 | I119: =+G119+H119 -> 0
A120: 0000-151.10-00 | B120: Fuel Inventory / Oil | D120: 93418.8 | E120: =_xlfn.IFNA(VLOOKUP(A120,'McNeil 50% only'!$A$8:$D$233,3,FALSE),0) -> 54602.43 | F120: =+D120+E120 -> 148021.23 | H120: =_xlfn.IFNA(VLOOKUP(A120,'McNeil 50% only'!$A$8:$D$233,4,FALSE),0) -> 0 | I120: =+G120+H120 -> 0
A121: 0000-151.21-00 | B121: Fuel Inventory /Woodchips-McNeil | E121: =_xlfn.IFNA(VLOOKUP(A121,'McNeil 50% only'!$A$8:$D$233,3,FALSE),0) -> 667281.43 | F121: =+D121+E121 -> 667281.43 | H121: =_xlfn.IFNA(VLOOKUP(A121,'McNeil 50% only'!$A$8:$D$233,4,FALSE),0) -> 0 | I121: =+G121+H121 -> 0
A122: 0000-151.22-00 | B122: Fuel Inventory /Woodchips-Swanton | E122: =_xlfn.IFNA(VLOOKUP(A122,'McNeil 50% only'!$A$8:$D$233,3,FALSE),0) -> 373944.18 | F122: =+D122+E122 -> 373944.18 | H122: =_xlfn.IFNA(VLOOKUP(A122,'McNeil 50% only'!$A$8:$D$233,4,FALSE),0) -> 0 | I122: =+G122+H122 -> 0
A123: 0000-151.29-00 | B123: Fuel Inventory /Roundwood-McNeil | E123: =_xlfn.IFNA(VLOOKUP(A123,'McNeil 50% only'!$A$8:$D$233,3,FALSE),0) -> 3500.67 | F123: =+D123+E123 -> 3500.67 | H123: =_xlfn.IFNA(VLOOKUP(A123,'McNeil 50% only'!$A$8:$D$233,4,FALSE),0) -> 0 | I123: =+G123+H123 -> 0
A124: 0000-152.01-00 | B124: Fuel Stk Exp Undistribute / McNeil | E124: =_xlfn.IFNA(VLOOKUP(A124,'McNeil 50% only'!$A$8:$D$233,3,FALSE),0) -> 119359.03 | F124: =+D124+E124 -> 119359.03 | H124: =_xlfn.IFNA(VLOOKUP(A124,'McNeil 50% only'!$A$8:$D$233,4,FALSE),0) -> 0 | I124: =+G124+H124 -> 0
A125: 0000-152.02-00 | B125: Fuel Stk Exp Undistribute / Swanton | E125: =_xlfn.IFNA(VLOOKUP(A125,'McNeil 50% only'!$A$8:$D$233,3,FALSE),0) -> 68166.59 | F125: =+D125+E125 -> 68166.59 | H125: =_xlfn.IFNA(VLOOKUP(A125,'McNeil 50% only'!$A$8:$D$233,4,FALSE),0) -> 0 | I125: =+G125+H125 -> 0
A126: 0000-152.03-00 | B126: Fuel Stk Exp Undistribute / Waste Wood | E126: =_xlfn.IFNA(VLOOKUP(A126,'McNeil 50% only'!$A$8:$D$233,3,FALSE),0) -> 9005.67 | F126: =+D126+E126 -> 9005.67 | H126: =_xlfn.IFNA(VLOOKUP(A126,'McNeil 50% only'!$A$8:$D$233,4,FALSE),0) -> 0 | I126: =+G126+H126 -> 0
A127: 0000-154.07-00 | B127: PlantMaterial &Supplies / Spare Parts | E127: =_xlfn.IFNA(VLOOKUP(A127,'McNeil 50% only'!$A$8:$D$233,3,FALSE),0) -> 2607584.2 | F127: =+D127+E127 -> 2607584.2 | H127: =_xlfn.IFNA(VLOOKUP(A127,'McNeil 50% only'!$A$8:$D$233,4,FALSE),0) -> 0 | I127: =+G127+H127 -> 0
A128: 0000-154.01-00 | B128: Plant Material & Supplies / Regular Stock | D128: 2962624.1 | E128: =_xlfn.IFNA(VLOOKUP(A128,'McNeil 50% only'!$A$8:$D$233,3,FALSE),0) -> 0 | F128: =+D128+E128 -> 2962624.1 | H128: =_xlfn.IFNA(VLOOKUP(A128,'McNeil 50% only'!$A$8:$D$233,4,FALSE),0) -> 0 | I128: =+G128+H128 -> 0
A129: 0000-154.03-00 | B129: Plant Material & Supplies / Emergency Stock | D129: 327.63 | E129: =_xlfn.IFNA(VLOOKUP(A129,'McNeil 50% only'!$A$8:$D$233,3,FALSE),0) -> 0 | F129: =+D129+E129 -> 327.63 | H129: =_xlfn.IFNA(VLOOKUP(A129,'McNeil 50% only'!$A$8:$D$233,4,FALSE),0) -> 0 | I129: =+G129+H129 -> 0
A130: 0000-154.04-00 | B130: Plant Material & Supplies / Winooski One Inventory | D130: 279660.86 | E130: =_xlfn.IFNA(VLOOKUP(A130,'McNeil 50% only'!$A$8:$D$233,3,FALSE),0) -> 0 | F130: =+D130+E130 -> 279660.86 | H130: =_xlfn.IFNA(VLOOKUP(A130,'McNeil 50% only'!$A$8:$D$233,4,FALSE),0) -> 0 | I130: =+G130+H130 -> 0
A131: 0000-154.05-00 | B131: Plant Material & Supplies / Solar Facility | D131: 211.44 | E131: =_xlfn.IFNA(VLOOKUP(A131,'McNeil 50% only'!$A$8:$D$233,3,FALSE),0) -> 0 | F131: =+D131+E131 -> 211.44 | H131: =_xlfn.IFNA(VLOOKUP(A131,'McNeil 50% only'!$A$8:$D$233,4,FALSE),0) -> 0 | I131: =+G131+H131 -> 0
A132: 0000-163.01-00 | B132: Stores Exp / Undistributed | D132: 224271.23 | E132: =_xlfn.IFNA(VLOOKUP(A132,'McNeil 50% only'!$A$8:$D$233,3,FALSE),0) -> 0 | F132: =+D132+E132 -> 224271.23 | H132: =_xlfn.IFNA(VLOOKUP(A132,'McNeil 50% only'!$A$8:$D$233,4,FALSE),0) -> 0 | I132: =+G132+H132 -> 0
A133: 0000-163.02-00 | B133: Stores Exp / Contra-Allocation Credits | E133: =_xlfn.IFNA(VLOOKUP(A133,'McNeil 50% only'!$A$8:$D$233,3,FALSE),0) -> 0 | F133: =+D133+E133 -> 0 | G133: 224271.23 | H133: =_xlfn.IFNA(VLOOKUP(A133,'McNeil 50% only'!$A$8:$D$233,4,FALSE),0) -> 0 | I133: =+G133+H133 -> 224271.23
A134: 0000-165.04-00 | B134: Prepayments / Moody's Investor Service | D134: 3375 | E134: =_xlfn.IFNA(VLOOKUP(A134,'McNeil 50% only'!$A$8:$D$233,3,FALSE),0) -> 0 | F134: =+D134+E134 -> 3375 | H134: =_xlfn.IFNA(VLOOKUP(A134,'McNeil 50% only'!$A$8:$D$233,4,FALSE),0) -> 0 | I134: =+G134+H134 -> 0
A135: 0000-165.12-00 | B135: Prepayments / Boiler & Machinery Ins | D135: 78461.94 | E135: =_xlfn.IFNA(VLOOKUP(A135,'McNeil 50% only'!$A$8:$D$233,3,FALSE),0) -> 102397.08 | F135: =+D135+E135 -> 180859.02 | H135: =_xlfn.IFNA(VLOOKUP(A135,'McNeil 50% only'!$A$8:$D$233,4,FALSE),0) -> 0 | I135: =+G135+H135 -> 0
A136: 0000-165.13-00 | B136: Prepayments / Excess Liability Ins | D136: 17665.85 | E136: =_xlfn.IFNA(VLOOKUP(A136,'McNeil 50% only'!$A$8:$D$233,3,FALSE),0) -> 3135.82 | F136: =+D136+E136 -> 20801.67 | H136: =_xlfn.IFNA(VLOOKUP(A136,'McNeil 50% only'!$A$8:$D$233,4,FALSE),0) -> 0 | I136: =+G136+H136 -> 0
A137: 0000-165.14-00 | B137: Prepayments / Primary Liability Ins | D137: 17868.8 | E137: =_xlfn.IFNA(VLOOKUP(A137,'McNeil 50% only'!$A$8:$D$233,3,FALSE),0) -> 3171.83 | F137: =+D137+E137 -> 21040.63 | H137: =_xlfn.IFNA(VLOOKUP(A137,'McNeil 50% only'!$A$8:$D$233,4,FALSE),0) -> 0 | I137: =+G137+H137 -> 0
A138: 0000-165.21-00 | B138: Prepayments / Agency Commission | D138: 2677.72 | E138: =_xlfn.IFNA(VLOOKUP(A138,'McNeil 50% only'!$A$8:$D$233,3,FALSE),0) -> 1717.9 | F138: =+D138+E138 -> 4395.62 | H138: =_xlfn.IFNA(VLOOKUP(A138,'McNeil 50% only'!$A$8:$D$233,4,FALSE),0) -> 0 | I138: =+G138+H138 -> 0
A139: 0000-165.23-00 | B139: Prepayments / Cyberliabil/Network Sec | D139: 4275.8 | E139: =_xlfn.IFNA(VLOOKUP(A139,'McNeil 50% only'!$A$8:$D$233,3,FALSE),0) -> 759 | F139: =+D139+E139 -> 5034.8 | H139: =_xlfn.IFNA(VLOOKUP(A139,'McNeil 50% only'!$A$8:$D$233,4,FALSE),0) -> 0 | I139: =+G139+H139 -> 0
A140: 0000-165.25-00 | B140: Prepayments / SPS VAR, LLC | D140: 2621.25 | E140: =_xlfn.IFNA(VLOOKUP(A140,'McNeil 50% only'!$A$8:$D$233,3,FALSE),0) -> 0 | F140: =+D140+E140 -> 2621.25 | H140: =_xlfn.IFNA(VLOOKUP(A140,'McNeil 50% only'!$A$8:$D$233,4,FALSE),0) -> 0 | I140: =+G140+H140 -> 0
A141: 0000-165.27-00 | B141: Prepayments / Group Travel Insurance | D141: 386.52 | E141: =_xlfn.IFNA(VLOOKUP(A141,'McNeil 50% only'!$A$8:$D$233,3,FALSE),0) -> 83.84 | F141: =+D141+E141 -> 470.36 | H141: =_xlfn.IFNA(VLOOKUP(A141,'McNeil 50% only'!$A$8:$D$233,4,FALSE),0) -> 0 | I141: =+G141+H141 -> 0
A142: 0000-165.33-00 | B142: Prepayments / Superion, LLC | D142: 17853.3 | E142: =_xlfn.IFNA(VLOOKUP(A142,'McNeil 50% only'!$A$8:$D$233,3,FALSE),0) -> 1538.4 | F142: =+D142+E142 -> 19391.7 | H142: =_xlfn.IFNA(VLOOKUP(A142,'McNeil 50% only'!$A$8:$D$233,4,FALSE),0) -> 0 | I142: =+G142+H142 -> 0
A143: 0000-165.36-00 | B143: Prepayments / Cyme-Engineering Software | D143: 5023.81 | E143: =_xlfn.IFNA(VLOOKUP(A143,'McNeil 50% only'!$A$8:$D$233,3,FALSE),0) -> 0 | F143: =+D143+E143 -> 5023.81 | H143: =_xlfn.IFNA(VLOOKUP(A143,'McNeil 50% only'!$A$8:$D$233,4,FALSE),0) -> 0 | I143: =+G143+H143 -> 0
A144: 0000-165.37-00 | B144: Prepayments / Ormsby's software | D144: 3085.96 | E144: =_xlfn.IFNA(VLOOKUP(A144,'McNeil 50% only'!$A$8:$D$233,3,FALSE),0) -> 223.23 | F144: =+D144+E144 -> 3309.19 | H144: =_xlfn.IFNA(VLOOKUP(A144,'McNeil 50% only'!$A$8:$D$233,4,FALSE),0) -> 0 | I144: =+G144+H144 -> 0
A145: 0000-165.39-00 | B145: Prepayments / Harris | D145: 139201.5 | E145: =_xlfn.IFNA(VLOOKUP(A145,'McNeil 50% only'!$A$8:$D$233,3,FALSE),0) -> 0 | F145: =+D145+E145 -> 139201.5 | H145: =_xlfn.IFNA(VLOOKUP(A145,'McNeil 50% only'!$A$8:$D$233,4,FALSE),0) -> 0 | I145: =+G145+H145 -> 0
... A167: 0000-182.30-00 | B167: Misc Deferred / Other Regulatory Assets | D167: 4096780.2 | E167: =_xlfn.IFNA(VLOOKUP(A167,'McNeil 50% only'!$A$8:$D$233,3,FALSE),0) -> 21760.08 | F167: =+D167+E167 -> 4118540.3 | H167: =_xlfn.IFNA(VLOOKUP(A167,'McNeil 50% only'!$A$8:$D$233,4,FALSE),0) -> 0 | I167: =+G167+H167 -> 0
A168: 0000-186.09-00 | B168: Misc Deferred Debits / Depreciation Expense | E168: =_xlfn.IFNA(VLOOKUP(A168,'McNeil 50% only'!$A$8:$D$233,3,FALSE),0) -> 0 | F168: =+D168+E168 -> 0 | G168: 5242789.1 | H168: =_xlfn.IFNA(VLOOKUP(A168,'McNeil 50% only'!$A$8:$D$233,4,FALSE),0) -> 2650950.6 | I168: =+G168+H168 -> 7893739.7
A169: 0000-186.10-00 | B169: Misc Deferred Debits / Excess Defrd SF Deprec | E169: =_xlfn.IFNA(VLOOKUP(A169,'McNeil 50% only'!$A$8:$D$233,3,FALSE),0) -> 1054383.6 | F169: =+D169+E169 -> 1054383.6 | H169: =_xlfn.IFNA(VLOOKUP(A169,'McNeil 50% only'!$A$8:$D$233,4,FALSE),0) -> 0 | I169: =+G169+H169 -> 0
A170: 0000-186.16-00 | B170: Misc Deferred Debits / Tier 1 REC Inventory | D170: 425770.99 | E170: =_xlfn.IFNA(VLOOKUP(A170,'McNeil 50% only'!$A$8:$D$233,3,FALSE),0) -> 0 | F170: =+D170+E170 -> 425770.99 | H170: =_xlfn.IFNA(VLOOKUP(A170,'McNeil 50% only'!$A$8:$D$233,4,FALSE),0) -> 0 | I170: =+G170+H170 -> 0
A171: 0000-186.17-00 | B171: Misc Deferred Debits / Tier 3 Credit Inventory | D171: 1881845.9 | E171: =_xlfn.IFNA(VLOOKUP(A171,'McNeil 50% only'!$A$8:$D$233,3,FALSE),0) -> 0 | F171: =+D171+E171 -> 1881845.9 | H171: =_xlfn.IFNA(VLOOKUP(A171,'McNeil 50% only'!$A$8:$D$233,4,FALSE),0) -> 0 | I171: =+G171+H171 -> 0
A172: 0000-186.80-00 | B172: Misc Deferred Debits / GASB 68 Pension Exp | D172: 1728654 | E172: =_xlfn.IFNA(VLOOKUP(A172,'McNeil 50% only'!$A$8:$D$233,3,FALSE),0) -> 0 | F172: =+D172+E172 -> 1728654 | H172: =_xlfn.IFNA(VLOOKUP(A172,'McNeil 50% only'!$A$8:$D$233,4,FALSE),0) -> 0 | I172: =+G172+H172 -> 0
A173: 0000-186.80-01 | B173: GASB 68 Pension Expense/Proportionate Share | D173: 3650380 | E173: =_xlfn.IFNA(VLOOKUP(A173,'McNeil 50% only'!$A$8:$D$233,3,FALSE),0) -> 0 | F173: =+D173+E173 -> 3650380 | H173: =_xlfn.IFNA(VLOOKUP(A173,'McNeil 50% only'!$A$8:$D$233,4,FALSE),0) -> 0 | I173: =+G173+H173 -> 0
A174: 0000-186.80-02 | B174: GASB 68 Pension Expense/OPEB Outflow of Resources | D174: 118463 | E174: =_xlfn.IFNA(VLOOKUP(A174,'McNeil 50% only'!$A$8:$D$233,3,FALSE),0) -> 0 | F174: =+D174+E174 -> 118463 | H174: =_xlfn.IFNA(VLOOKUP(A174,'McNeil 50% only'!$A$8:$D$233,4,FALSE),0) -> 0 | I174: =+G174+H174 -> 0
...

Sheet BED only
A1: PREPARED 09/11/2024, | C1: 16:22:33 | E1: DETAIL | F1: TRIAL BALANCE | G1: PAGE | H1: 1
A2: PROGRAM: GM270L
A3: BURLINGTON ELECTRIC | C3: DEPARTMENT | E3: AS OF | F3: 45473 | G3: ACCOUNTING | H3: PERIOD | I3: 13/2024
A4: ------------------------------------------------------------------------------------------------------------------------------------
A5: FUND 101 BED-Operating
D6: DEBIT | E6: CREDIT
A7: ACCOUNT | B7: DESCRIPTION | D7: BALANCE | E7: BALANCE
A8: 0000-107.01-00 | B8: Utility Plant / Constr. Work in Progress | D8: 5845966.2
A9: 0000-108.31-00 | B9: Accumulated Depreciation / Hydro-Struct/Imprvm | E9: 1020938.9
A10: 0000-108.32-00 | B10: Accumulated Depreciation / Hydro-Reservoirs/Dams/Wat | E10: 663095.1
A11: 0000-108.33-00 | B11: Accumulated Depreciation / Hydro-Water Wheels/Turb/G | E11: 1077931.2
A12: 0000-108.34-00 | B12: Accumulated Depreciation / Hydro-Access Elect Equip | E12: 418698.71
A13: 0000-108.35-00 | B13: Accumulated Depreciation / Hydro-Misc Plant Equip | E13: 55348.93
A14: 0000-108.36-00 | B14: Accumulated Depreciation / Hydro-Roads/RR/Bridges | E14: 17709.44
A15: 0000-108.41-00 | B15: Accumulated Depreciation / Other Prod-Struct/Imprvmt | E15: 493786.41
A16: 0000-108.41-10 | B16: Other Prod-Struct/Imprvmt / Wind Turbine | E16: 44124.95
A17: 0000-108.41-20 | B17: Other Prod-Struct/Imprvmt / Solar Facilities | E17: 780846.42
A18: 0000-108.42-00 | B18: Other Prod-Struct/Imprvmt / Solar Facilities | E18: 142461.06
A19: 0000-108.43-00 | B19: Accumulated Depreciation / Other Prod-Prime Movers | E19: 2036713.5
A20: 0000-108.43-10 | B20: Other Prod-Prime Movers / Wind Turbine | E20: 75379.18
... A48: 0000-111.30-00 | B48: Accumulated Amortization / Intangible Plant | E48: 5969160.2
A49: 0000-114.01-00 | B49: Electric Plant Acquire / Adjustment Acct | D49: 7414351.5
A50: 0000-123.02-00 | B50: Investment in Assoc Co / VELCO-Class B Comm Stock | D50: 1403800
A51: 0000-123.03-00 | B51: Investment in Assoc Co / VELCO-Class C Prefer Stck | D51: 11196
A52: 0000-123.04-00 | B52: Investment in Assoc Co / VELCO-Class C Comm Stock | D52: 39200
A53: 0000-123.05-00 | B53: Investment in Assoc Co / Vt Transco LLC-Cl A Units | D53: 14892751
A54: 0000-123.06-00 | B54: Investment in Assoc Co / Vt Transco LLC-Cl B Units | D54: 18954389
A55: 0000-125.32-00 | B55: Sinking Funds /2014A Prin Holding-Zions | D55: 570000
A56: 0000-125.34-00 | B56: Sinking Funds /2014B Prin Holding-Zions | D56: 665000
A57: 0000-125.36-00 | B57: Sinking Funds /2017A Rev Bd Prin-Zions | D57: 350000
A58: 0000-125.37-00 | B58: Sinking Funds /2017B Rev Bd Prin-Zions | D58: 415000
A59: 0000-128.02-00 | B59: Other Special Funds / Renewal & Replacement | D59: 867000
A60: 0000-128.21-00 | B60: Other Special Funds / Debt Service Reserve-Cash | D60: 3507936.6
... A86: 0000-142.21-00 | B86: Customer Accts Receivable / Customer Service Fees | D86: 97125.1
A87: 0000-142.22-00 | B87: Customer Accts Receivable / Billing Service Fees | E87: 158.26
A88: 0000-142.40-00 | B88: Customer Accts Receivable / Construction Projects | D88: 352152.59
A89: 0000-142.41-00 | B89: Customer Accts Receivable / Allowance - Doubtful Acct | E89: 136548.1
A90: 0000-142.75-00 | B90: Customer Accts Receivable / Warmth Program | D90: 199
A91: 0000-142.81-00 | B91: Customer Accts Receivable / Cust Accts Rec RLF Loans | D91: 1555.58
A92: 0000-142.82-00 | B92: Customer Accts Receivable / Cust Accts Rec PACE ST | D92: 10997.41
A93: 0000-142.83-00 | B93: Customer Accts Receivable / EDA RLF2 Loan | D93: 57462.29
A94: 0000-142.89-00 | B94: Customer Accts Receivable / Sales Tax-Work Order | D94: 1765.02
A95: 0000-142.90-00 | B95: Customer Accts Receivable / Sales Taxes | D95: 60438.47
A96: 0000-142.91-00 | B96: Customer Accts Receivable / Tariff Adjustments | D96: 2730.95
A97: 0000-142.92-00 | B97: Customer Accts Receivable / DSM Energy Efficiency Chg | D97: 169307.21
A98: 0000-142.93-00 | B98: Customer Accts Receivable / Tariff Adjustment 5.5% | D98: 13978.67
A99: 0000-142.94-00 | B99: Customer Accts Receivable / Franchise Fee-Non Payer | D99: 517.93
A100: 0000-142.95-00 | B100: Customer Accts Receivable / Franchise Fee | D100: 141233.85
A101: 0000-142.96-00 | B101: Customer Accts Receivable / Franchise Fee-Work Orders | D101: 3731.69
... A103: 0000-142.98-00 | B103: Customer Accts Receivable / Late Payment Fee | D103: 3378.23
A104: 0000-142.99-00 | B104: Customer Accts Receivable / Credit Balances | E104: 243441.49
A105: 0000-143.03-00 | B105: Other Accounts Receivable / Health & Safety Program | D105: 256.49
A106: 0000-143.05-00 | B106: Other Accounts Receivable / Miscellaneous | D106: 40791.39
A107: 0000-143.14-00 | B107: Other Accounts Receivable / EEU-Fiscal Agent | D107: 226676.51
A108: 0000-143.16-00 | B108: Other Accounts Receivable / McN J.O./Rec Management | D108: 478.38
A109: 0000-143.20-00 | B109: Other Accounts Receivable / State of VT EV Rebate | D109: 37700
A110: 0000-143.21-00 | B110: Other Accounts Receivable / Leased Lights | D110: 7520.28
A111: 0000-143.99-00 | B111: Other Accounts Receivable / Joint Owners | D111: 4144.6
A112: 0000-144.01-00 | B112: Reserve on Uncollect Acct / Utility Customers | E112: 217262.51
A113: 0000-146.50-00 | B113: Accts Rec From Assoc Comp / McNeil | D113: 4144.6
A114: 0000-151.10-00 | B114: Fuel Inventory / Oil | D114: 93418.8
A115: 0000-154.01-00 | B115: Plant Material & Supplies / Regular Stock | D115: 2962624.1
A116: 0000-154.03-00 | B116: Plant Material & Supplies / Emergency Stock | D116: 327.63
A117: 0000-154.04-00 | B117: Plant Material & Supplies / Winooski One Inventory | D117: 279660.86
A118: 0000-154.05-00 | B118: Plant Material & Supplies / Solar Facility | D118: 211.44
A119: 0000-163.01-00 | B119: Stores Exp / Undistributed | D119: 224271.23
A120: 0000-163.02-00 | B120: Stores Exp / Contra-Allocation Credits | E120: 224271.23
A121: 0000-165.04-00 | B121: Prepayments / Moody's Investor Service | D121: 3375
A122: 0000-165.12-00 | B122: Prepayments / Boiler & Machinery Ins | D122: 78461.94
A123: 0000-165.13-00 | B123: Prepayments / Excess Liability Ins | D123: 17665.85
A124: 0000-165.14-00 | B124: Prepayments / Primary Liability Ins | D124: 17868.8
A125: 0000-165.21-00 | B125: Prepayments / Agency Commission | D125: 2677.72
A126: 0000-165.23-00 | B126: Prepayments / Cyberliabil/Network Sec | D126: 4275.8
A127: 0000-165.25-00 | B127: Prepayments / SPS VAR, LLC | D127: 2621.25
A128: 0000-165.27-00 | B128: Prepayments / Group Travel Insurance | D128: 386.52
A129: 0000-165.33-00 | B129: Prepayments / Superion, LLC | D129: 17853.3
A130: 0000-165.36-00 | B130: Prepayments / Cyme-Engineering Software | D130: 5023.81
A131: 0000-165.37-00 | B131: Prepayments / Ormsby's software | D131: 3085.96
A132: 0000-165.39-00 | B132: Prepayments / Harris | D132: 139201.5
... A154: 0000-182.30-00 | B154: Misc Deferred / Other Regulatory Assets | D154: 4096780.2
A155: 0000-186.09-00 | B155: Misc Deferred Debits / Depreciation Expense | E155: 5242789.1
A156: 0000-186.16-00 | B156: Misc Deferred Debits / Tier 1 REC Inventory | D156: 425770.99
A157: 0000-186.17-00 | B157: Misc Deferred Debits / Tier 3 Credit Inventory | D157: 1881845.9
A158: 0000-186.80-00 | B158: Misc Deferred Debits / GASB 68 Pension Exp | D158: 1728654
A159: 0000-186.80-01 | B159: GASB 68 Pension Expense/Proportionate Share | D159: 3650380
A160: 0000-186.80-02 | B160: GASB 68 Pension Expense/OPEB Outflow of Resources | D160: 118463
A161: 0000-189.19-00 | B161: Defd Loss on Adv Refundg /#2016 GO Bond | D161: 248154.77
A162: 0000-190.03-00 | B162: Transfer From Operating / ARRA | E162: 8293384
A163: 0000-190.07-00 | B163: Transfer From Operating / Highgate | D163: 20683757
A164: 0000-190.50-00 | B164: Transfer From Operating / McNeil | D164: 4.3037346e+08
A165: 0000-193.01-00 | B165: Transfer to Others / Operating | D165: 709467.79
A166: 0000-216.01-00 | B166: Capitalization / Retained Earnings | E166: 2.4119443e+08
A167: 0000-216.02-00 | B167: Capitalization / Retained Earnings-Curr Yr | E167: 1.423188e+08
A168: 0000-219.45-00 | B168: Current Maturities / G.O.Bond-Cap Improv2011B | E168: 55000
A169: 0000-219.46-03 | B169: Current Maturities / GO Bond-Cap Improv2012B | E169: 65000
A170: 0000-219.46-05 | B170: Current Maturities / GOB Bond Cap Imprv#2014 | E170: 150000
A171: 0000-219.46-07 | B171: Current Maturities / GO Bond Cap Imprv#2016A | E171: 900000
A172: 0000-219.46-08 | B172: Current Maturities / GO Bond Cap Impr#2016B | E172: 130000
A173: 0000-219.46-09 | B173: Current Maturities / G.O. Bond-Cap Imp2016C | E173: 695000
A174: 0000-219.46-10 | B174: Current Maturities / G.O. Bond-Cap Imp2016D | E174: 835000
...

Sheet McNeil 50% only
A1: PREPARED 09/05/2024, | E1: 14:24:50 | F1: DETAIL | H1: TRIAL BALANCE | I1: PAGE | J1: 1
A2: PROGRAM: GM270L
A3: BURLINGTON ELECTRIC | D3: DEPARTMENT | F3: AS | H3: OF 06/30/2024 | I3: ACCOUNTING | J3: PERIOD | K3: 12/2024
A4: ------------------------------------------------------------------------------------------------------------------------------------
A5: FUND 150 BED-McNeil | D5: 0.5
C6: DEBIT | D6: CREDIT
A7: ACCOUNT | B7: DESCRIPTION | C7: BALANCE | D7: BALANCE
A8: 0000-107.01-00 | B8: Utility Plant / Constr. Work in Progress | C8: 66496.75 | E8: =VLOOKUP(A8,'BED only'!$A$8:$B$808,2,FALSE) -> Utility Plant / Constr. Work in Progress
A9: 0000-108.11-00 | B9: Accumulated Depreciation / Steam Prod-Struct/Imprvmt | D9: 8765412.9 | E9: =VLOOKUP(A9,'BED only'!$A$8:$B$808,2,FALSE) -> #N/A
A10: 0000-108.12-00 | B10: Accumulated Depreciation / Steam Prod-Blr Plt Equip | D10: 27041715 | E10: =VLOOKUP(A10,'BED only'!$A$8:$B$808,2,FALSE) -> #N/A
A11: 0000-108.14-00 | B11: Accumulated Depreciation / Steam Prod-Turbogen Units | D11: 6409583.9 | E11: =VLOOKUP(A11,'BED only'!$A$8:$B$808,2,FALSE) -> #N/A
A12: 0000-108.15-00 | B12: Accumulated Depreciation / Steam Prod-Access Elec Eq | D12: 1141894.2 | E12: =VLOOKUP(A12,'BED only'!$A$8:$B$808,2,FALSE) -> #N/A
A13: 0000-108.16-00 | B13: Accumulated Depreciation / Steam Prod-Misc Plant Eq | D13: 785373.98 | E13: =VLOOKUP(A13,'BED only'!$A$8:$B$808,2,FALSE) -> #N/A
A14: 0000-108.91-00 | B14: Accumulated Depreciation / Genl Plt-Office Furn/Eq | D14: 19943 | E14: =VLOOKUP(A14,'BED only'!$A$8:$B$808,2,FALSE) -> Accumulated Depreciation / Genl Plt-Office Furn/Eq
A15: 0000-108.92-00 | B15: Accumulated Depreciation / Genl Plt-Transport Eq | D15: 119202.2 | E15: =VLOOKUP(A15,'BED only'!$A$8:$B$808,2,FALSE) -> Accumulated Depreciation / Genl Plt-Transport Eq
A16: 0000-108.98-00 | B16: Accumulated Depreciation / Genl Plt-Misc Equip | D16: 9321.74 | E16: =VLOOKUP(A16,'BED only'!$A$8:$B$808,2,FALSE) -> Accumulated Depreciation / Genl Plt-Misc Equip
A17: 0000-111.30-00 | B17: Accumulated Amortization / Intangible Plant | D17: 382982.59 | E17: =VLOOKUP(A17,'BED only'!$A$8:$B$808,2,FALSE) -> Accumulated Amortization / Intangible Plant
A18: 0000-131.01-00 | B18: Cash / Checking | C18: 571757.59 | E18: =VLOOKUP(A18,'BED only'!$A$8:$B$808,2,FALSE) -> Cash / Checking
A19: 0000-131.04-00 | B19: Cash / Payroll | C19: 0.14 | E19: =VLOOKUP(A19,'BED only'!$A$8:$B$808,2,FALSE) -> Cash / Payroll
A20: 0000-135.01-00 | B20: Working Funds / Petty Cash | C20: 325 | E20: =VLOOKUP(A20,'BED only'!$A$8:$B$808,2,FALSE) -> Working Funds / Petty Cash
A21: 0000-143.05-00 | B21: OtherAccounts Receivable / Miscellaneous | C21: 1449.15 | E21: =VLOOKUP(A21,'BED only'!$A$8:$B$808,2,FALSE) -> Other Accounts Receivable / Miscellaneous
A22: 0000-146.01-00 | B22: AcctsRec From Assoc Comp / McNeil50 | D22: 72794.56 | E22: =VLOOKUP(A22,'BED only'!$A$8:$B$808,2,FALSE) -> #N/A
A23: 0000-151.10-00 | B23: Fuel Inventory /Oil | C23: 54602.43 | E23: =VLOOKUP(A23,'BED only'!$A$8:$B$808,2,FALSE) -> Fuel Inventory / Oil
A24: 0000-151.21-00 | B24: Fuel Inventory /Woodchips-McNeil | C24: 667281.43 | E24: =VLOOKUP(A24,'BED only'!$A$8:$B$808,2,FALSE) -> #N/A
A25: 0000-151.22-00 | B25: Fuel Inventory /Woodchips-Swanton | C25: 373944.18 | E25: =VLOOKUP(A25,'BED only'!$A$8:$B$808,2,FALSE) -> #N/A
A26: 0000-151.29-00 | B26: Fuel Inventory /Roundwood-McNeil | C26: 3500.67 | E26: =VLOOKUP(A26,'BED only'!$A$8:$B$808,2,FALSE) -> #N/A
A27: 0000-152.01-00 | B27: Fuel Stk Exp Undistribute / McNeil | C27: 119359.03 | E27: =VLOOKUP(A27,'BED only'!$A$8:$B$808,2,FALSE) -> #N/A
A28: 0000-152.02-00 | B28: Fuel Stk Exp Undistribute / Swanton | C28: 68166.59 | E28: =VLOOKUP(A28,'BED only'!$A$8:$B$808,2,FALSE) -> #N/A
A29: 0000-152.03-00 | B29: Fuel Stk Exp Undistribute / Waste Wood | C29: 9005.67 | E29: =VLOOKUP(A29,'BED only'!$A$8:$B$808,2,FALSE) -> #N/A
A30: 0000-154.07-00 | B30: PlantMaterial &Supplies / Spare Parts | C30: 2607584.2 | E30: =VLOOKUP(A30,'BED only'!$A$8:$B$808,2,FALSE) -> #N/A
A31: 0000-165.12-00 | B31: Prepayments / Boiler & Machinery Ins | C31: 102397.08 | E31: =VLOOKUP(A31,'BED only'!$A$8:$B$808,2,FALSE) -> Prepayments / Boiler & Machinery Ins
A32: 0000-165.13-00 | B32: Prepayments / Excess Liability Ins | C32: 3135.82 | E32: =VLOOKUP(A32,'BED only'!$A$8:$B$808,2,FALSE) -> Prepayments / Excess Liability Ins
A33: 0000-165.14-00 | B33: Prepayments / Primary Liability Ins | C33: 3171.83 | E33: =VLOOKUP(A33,'BED only'!$A$8:$B$808,2,FALSE) -> Prepayments / Primary Liability Ins
A34: 0000-165.21-00 | B34: Prepayments / Agency Commission | C34: 1717.9 | E34: =VLOOKUP(A34,'BED only'!$A$8:$B$808,2,FALSE) -> Prepayments / Agency Commission
... A42: 0000-182.30-00 | B42: Misc Deferred / Other Regulatory Assets | C42: 21760.08 | E42: =VLOOKUP(A42,'BED only'!$A$8:$B$808,2,FALSE) -> Misc Deferred / Other Regulatory Assets
A43: 0000-186.09-00 | B43: Misc Deferred Debits / Depreciation Expense | D43: 2650950.6 | E43: =VLOOKUP(A43,'BED only'!$A$8:$B$808,2,FALSE) -> Misc Deferred Debits / Depreciation Expense
A44: 0000-186.10-00 | B44: Misc Deferred Debits / Excess Defrd SF Deprec | C44: 1054383.6 | E44: =VLOOKUP(A44,'BED only'!$A$8:$B$808,2,FALSE) -> #N/A
A45: 0000-192.05-00 | B45: Transfer To Operating / McNeil | C45: 89045766 | E45: =VLOOKUP(A45,'BED only'!$A$8:$B$808,2,FALSE) -> #N/A
A46: 0000-193.05-00 | B46: Transfer to Others / McNeil | C46: 2346263.4 | E46: =VLOOKUP(A46,'BED only'!$A$8:$B$808,2,FALSE) -> #N/A
A47: 0000-216.01-00 | B47: Capitalization /Retained Earnings | C47: 1.94037e+08 | E47: =VLOOKUP(A47,'BED only'!$A$8:$B$808,2,FALSE) -> Capitalization / Retained Earnings
A48: 0000-216.02-00 | B48: Capitalization /Retained Earnings-Curr Yr | C48: 1.3122228e+08 | E48: =VLOOKUP(A48,'BED only'!$A$8:$B$808,2,FALSE) -> Capitalization / Retained Earnings-Curr Yr
A49: 0000-232.01-00 | B49: Accounts Payable/ A/P System | D49: 193277.66 | E49: =VLOOKUP(A49,'BED only'!$A$8:$B$808,2,FALSE) -> Accounts Payable / A/P System
A50: 0000-232.02-00 | B50: Accounts Payable/ Miscellaneous | D50: 44861.6 | E50: =VLOOKUP(A50,'BED only'!$A$8:$B$808,2,FALSE) -> Accounts Payable / Miscellaneous
A51: 0000-234.03-00 | B51: Intracompany Payables / McNeil50% to BED-Optg | D51: 4144.6 | E51: =VLOOKUP(A51,'BED only'!$A$8:$B$808,2,FALSE) -> #N/A
A52: 0000-236.01-00 | B52: TaxesAccrued / Sales & Use Taxes | D52: 109.55 | E52: =VLOOKUP(A52,'BED only'!$A$8:$B$808,2,FALSE) -> #N/A
A53: 0000-236.09-00 | B53: TaxesAccrued / Social Sec-Emplyr Match | D53: 4097.38 | E53: =VLOOKUP(A53,'BED only'!$A$8:$B$808,2,FALSE) -> Taxes Accrued / Social Sec-Emplyr Match
A54: 0000-242.01-00 | B54: Misc Current & Accd Liab / Payroll | D54: 53560.55 | E54: =VLOOKUP(A54,'BED only'!$A$8:$B$808,2,FALSE) -> Misc Current & Accd Liab / Payroll
A55: 0000-242.08-00 | B55: Misc Current & Accd Liab / Payroll Pension Exp | D55: 6968.59 | E55: =VLOOKUP(A55,'BED only'!$A$8:$B$808,2,FALSE) -> Misc Current & Accd Liab / Payroll Pension Exp
A56: 0000-242.17-00 | B56: Misc Current & Accd Liab / Insur-Medical | D56: 21943.23 | E56: =VLOOKUP(A56,'BED only'!$A$8:$B$808,2,FALSE) -> Misc Current & Accd Liab / Insur-Medical
A57: 0000-242.18-00 | B57: Misc Current & Accd Liab / Insur-Dental | D57: 185.52 | E57: =VLOOKUP(A57,'BED only'!$A$8:$B$808,2,FALSE) -> Misc Current & Accd Liab / Insur-Dental
A58: 0000-290.05-00 | B58: Transfers From Operating / McNeil | D58: 4.3037346e+08 | E58: =VLOOKUP(A58,'BED only'!$A$8:$B$808,2,FALSE) -> #N/A
A59: 0000-293.05-00 | B59: Transfers From Other Dept / McNeil | D59: 1778751.3 | E59: =VLOOKUP(A59,'BED only'!$A$8:$B$808,2,FALSE) -> #N/A
A60: 0000-303.02-00 | B60: Intangible Plant/ LAN Software | C60: 4616.44 | E60: =VLOOKUP(A60,'BED only'!$A$8:$B$808,2,FALSE) -> Intangible Plant / LAN Software
A61: 0000-303.03-00 | B61: Intangible Plant/ CAFC Capital Contribution | C61: 344776.47 | E61: =VLOOKUP(A61,'BED only'!$A$8:$B$808,2,FALSE) -> #N/A
A62: 0000-303.04-00 | B62: Intangible Plant/ G/L & A/P Software | C62: 22345 | E62: =VLOOKUP(A62,'BED only'!$A$8:$B$808,2,FALSE) -> #N/A
A63: 0000-303.05-00 | B63: Intangible Plant/ Payroll/HR Software | C63: 4992 | E63: =VLOOKUP(A63,'BED only'!$A$8:$B$808,2,FALSE) -> Intangible Plant / Payroll/HR Software
A64: 0000-303.06-00 | B64: Intangible Plant/ Purch/Inventory Software | C64: 2500 | E64: =VLOOKUP(A64,'BED only'!$A$8:$B$808,2,FALSE) -> Intangible Plant / Purch/Inventory Software
A65: 0000-303.07-00 | B65: Intangible Plant/ PC Software | C65: 4248.5 | E65: =VLOOKUP(A65,'BED only'!$A$8:$B$808,2,FALSE) -> Intangible Plant / PC Software
A66: 0000-310.01-00 | B66: SteamProductionPlant / Land | C66: 137299.5 | E66: =VLOOKUP(A66,'BED only'!$A$8:$B$808,2,FALSE) -> #N/A
A67: 0000-310.02-00 | B67: SteamProductionPlant / Land Rights | C67: 1000 | E67: =VLOOKUP(A67,'BED only'!$A$8:$B$808,2,FALSE) -> #N/A
A68: 0000-311.01-00 | B68: SteamProductionPlant / Struct/Improv-Prod Plant | C68: 9495628.8 | E68: =VLOOKUP(A68,'BED only'!$A$8:$B$808,2,FALSE) -> #N/A
A69: 0000-311.02-00 | B69: SteamProductionPlant / Struct/Improv-Farmhouse | C69: 29390.98 | E69: =VLOOKUP(A69,'BED only'!$A$8:$B$808,2,FALSE) -> #N/A
A70: 0000-311.03-00 | B70: SteamProductionPlant / Struct/Improv-Tin Warehse | C70: 66154.69 | E70: =VLOOKUP(A70,'BED only'!$A$8:$B$808,2,FALSE) -> #N/A
A71: 0000-311.04-00 | B71: SteamProductionPlant / Struct/Improv-Other McNei | C71: 651331.69 | E71: =VLOOKUP(A71,'BED only'!$A$8:$B$808,2,FALSE) -> #N/A
... A112: 0000-403.98-00 | B112: Depreciation Expense / Genl Plt-Misc Equip | C112: 313.16 | E112: =VLOOKUP(A112,'BED only'!$A$8:$B$808,2,FALSE) -> Depreciation Expense / Genl Plt-Misc Equip
A113: 0000-403.99-00 | B113: Depreciation Expense / Straight Line Deferral | D113: 416650.56 | E113: =VLOOKUP(A113,'BED only'!$A$8:$B$808,2,FALSE) -> Depreciation Expense / Straight Line Deferral
A114: 0000-405.01-00 | B114: Amortof Intangible Plant / System Software | C114: 494.52 | E114: =VLOOKUP(A114,'BED only'!$A$8:$B$808,2,FALSE) -> Amort of Intangible Plant / System Software
A115: 0000-408.01-00 | B115: Taxes/ Contribution in Lieu | C115: 825401.44 | E115: =VLOOKUP(A115,'BED only'!$A$8:$B$808,2,FALSE) -> Taxes / Contribution in Lieu
A116: 0000-408.03-00 | B116: Taxes/ Social Security | C116: 154701.97 | E116: =VLOOKUP(A116,'BED only'!$A$8:$B$808,2,FALSE) -> Taxes / Social Security
A117: 0000-408.04-00 | B117: Taxes/ Social Sec-O/H Alloc | D117: 154701.97 | E117: =VLOOKUP(A117,'BED only'!$A$8:$B$808,2,FALSE) -> Taxes / Social Sec-O/H Alloc
A118: 0000-408.09-00 | B118: Taxes/ Soc Sec-Accd Payroll | C118: 2797.41 | E118: =VLOOKUP(A118,'BED only'!$A$8:$B$808,2,FALSE) -> Taxes / Soc Sec-Accd Payroll
A119: 0000-411.71-00 | B119: Disposition of Plant / Loss on Disposition-McN | C119: 81916.17 | E119: =VLOOKUP(A119,'BED only'!$A$8:$B$808,2,FALSE) -> #N/A
A120: 0000-419.01-00 | B120: Interest Income / Checking/Savings | D120: 20335.05 | E120: =VLOOKUP(A120,'BED only'!$A$8:$B$808,2,FALSE) -> Interest Income / Checking/Savings
A121: 0000-421.02-00 | B121: Misc Non-Operating Income / McNeil | D121: 33611.54 | E121: =VLOOKUP(A121,'BED only'!$A$8:$B$808,2,FALSE) -> #N/A
A122: 0000-421.05-00 | B122: Misc Non-Operating Income / EPA Allowances | D122: 0.02 | E122: =VLOOKUP(A122,'BED only'!$A$8:$B$808,2,FALSE) -> #N/A
A123: 0000-457.01-00 | B123: Revenue-Offset /Revenue-Offset | C123: 53946.61 | E123: =VLOOKUP(A123,'BED only'!$A$8:$B$808,2,FALSE) -> Revenue-Offset / Revenue-Offset
A124: 0000-458.01-00 | B124: Expenditure-Offset / Expenditure-Offset | D124: 12608691 | E124: =VLOOKUP(A124,'BED only'!$A$8:$B$808,2,FALSE) -> Expenditure-Offset / Expenditure-Offset
A125: 0000-652.99-00 | B125: Fuel Stk Exp Undistribute / Reclassifications | D125: 543966.56 | E125: =VLOOKUP(A125,'BED only'!$A$8:$B$808,2,FALSE) -> #N/A
A126: 0000-700.99-02 | B126: Reclassifications / Contra -Capital Matl/Srv | D126: 819087.45 | E126: =VLOOKUP(A126,'BED only'!$A$8:$B$808,2,FALSE) -> Reclassifications / Contra - Capital Matl/Srv
A127: 0185-600.01-01 | B127: Labor/ Labor-Regular | C127: 61927.31 | E127: =VLOOKUP(A127,'BED only'!$A$8:$B$808,2,FALSE) -> Labor / Labor-Regular
A128: 0185-600.01-02 | B128: Labor/ Labor-Overtime | C128: 540.79 | E128: =VLOOKUP(A128,'BED only'!$A$8:$B$808,2,FALSE) -> Labor / Labor-Overtime
A129: 0185-600.02-22 | B129: Outside ServicesEmployed / Outside Service-Legal | C129: 45 | E129: =VLOOKUP(A129,'BED only'!$A$8:$B$808,2,FALSE) -> Outside Services Employed / Outside Service-Legal
A130: 0185-600.02-32 | B130: Outside ServicesEmployed / Outside Services-Other | C130: 863.63 | E130: =VLOOKUP(A130,'BED only'!$A$8:$B$808,2,FALSE) -> Outside Services Employed / Outside Services-Other
A131: 0185-600.10-00 | B131: O & MExpenses /Business Meetings | C131: 342.65 | E131: =VLOOKUP(A131,'BED only'!$A$8:$B$808,2,FALSE) -> O & M Expenses / Business Meetings
A132: 0185-600.14-00 | B132: O & MExpenses /Dues & Fees | C132: 6650.6 | E132: =VLOOKUP(A132,'BED only'!$A$8:$B$808,2,FALSE) -> O & M Expenses / Dues & Fees
A133: 0185-600.49-00 | B133: O & MExpenses /Other | C133: 766.7 | E133: =VLOOKUP(A133,'BED only'!$A$8:$B$808,2,FALSE) -> O & M Expenses / Other
A134: 0256-600.01-01 | B134: Labor/ Labor-Regular | C134: 2459.93 | E134: =VLOOKUP(A134,'BED only'!$A$8:$B$808,2,FALSE) -> #N/A
A135: 0256-600.02-24 | B135: Outside ServicesEmployed / Outside Services-Tech | C135: 1950 | E135: =VLOOKUP(A135,'BED only'!$A$8:$B$808,2,FALSE) -> #N/A
A136: 0256-600.02-26 | B136: Outside ServicesEmployed / Outside Svcs-Bldgs&Grnds | C136: 1111.43 | E136: =VLOOKUP(A136,'BED only'!$A$8:$B$808,2,FALSE) -> #N/A
A137: 0256-600.05-00 | B137: O & MExpenses /Office Supplies | C137: 440.95 | E137: =VLOOKUP(A137,'BED only'!$A$8:$B$808,2,FALSE) -> #N/A
A138: 0256-600.06-00 | B138: O & MExpenses /Materials & Supplies | C138: 4115.26 | E138: =VLOOKUP(A138,'BED only'!$A$8:$B$808,2,FALSE) -> #N/A
... A233: 1093-600.42-00 | B233: O & MExpenses /Utilities | C233: 1910.3 | E233: =VLOOKUP(A233,'BED only'!$A$8:$B$808,2,FALSE) -> O & M Expenses / Utilities
C234: ------------------- | D234: -------------------
A235: FUND TOTALS | C235: =SUM(C8:C233) -> 4.9447758e+08 | D235: =SUM(D8:D233) -> 4.9447758e+08
B236: FUND IS IN BALANCE
